 Dungeon Crawl Stone Soup version 0.24-a0-458-gfcb5e6da0e (webtiles) character file.

Game seed: 2160484196506298017

85 Krouwed the Chopper (level 4, -5/35 HPs)
             Began as a Demonspawn Gladiator on June 27, 2019.
             Slain by Natasha (6 damage)
             ... on level 2 of the Dungeon.
             The game lasted 00:02:30 (422 turns).

Krouwed the Chopper (Demonspawn Gladiator)           Turns: 422, Time: 00:02:30

Health: -5/35      AC:  7    Str: 15    XL:     4   Next: 25%
Magic:  4/4        EV: 10    Int:  9    God:
Gold:   16         SH:  0    Dex: 15    Spells: 3/3 levels left

rFire    . . .     SeeInvis .   a - +0 war axe
rCold    . . .     Gourm    .   (no shield)
rNeg     . . .     Faith    .   h - +0 scale mail
rPois    .         Spirit   .   c - +0 helmet
rElec    .         Reflect  .   (no cloak)
rCorr    .         Harm     .   (no gloves)
MR       .....                  (no boots)
Stlth    ..........             (no amulet)
HPRegen  0.11/turn              (no ring)
MPRegen  0.09/turn              (no ring)

@: slowed, very slow
A: demonic guardian 1
a: no special abilities


You were on level 2 of the Dungeon.
You were not hungry.

You visited 1 branch of the dungeon, and saw 2 of its levels.

You collected 16 gold pieces.

Inventory:

Hand Weapons
 a - a +0 war axe (weapon)
Missiles
 d - 3 throwing nets (quivered)
Armour
 c - a +0 helmet (worn)
 h - a +0 scale mail (worn)
Jewellery
 b - a +6 ring of strength {unknown}
Scrolls
 e - a scroll of enchant armour {unknown}
Comestibles
 f - 3 rations
 g - 5 chunks of flesh


   Skills:
 + Level 3.5 Fighting
 + Level 3.8 Axes
 - Level 1.7 Throwing
 - Level 2.6 Dodging


You had 3 spell levels left.
You didn't know any spells.
Your spell library was empty.

Dungeon Overview and Level Annotations

Branches:
Dungeon (1/15)

Altars:

Annotations:
D:2 Natasha


Innate Abilities, Weirdness & Mutations

A weak demonic guardian rushes to your aid.


Message History

* * * LOW HITPOINT WARNING * * *
Natasha casts a spell.
Your scale mail prevents you from hitting Natasha.
Natasha is lightly wounded.
You closely miss the crimson imp.
Your white imp misses Natasha.
Natasha casts a spell at you. The magic dart hits you.
* * * LOW HITPOINT WARNING * * *
The crimson imp hits you.
* * * LOW HITPOINT WARNING * * *
Your white imp barely misses Natasha.
Natasha wildly gestures.
You feel disoriented. Natasha claws you but does no damage.
You completely miss Natasha.
Natasha is lightly wounded.
You barely miss the crimson imp.
The crimson imp hits you but does no damage.
Your white imp hits Natasha.
Your white imp freezes Natasha.
Natasha claws you.
You die...

##)##..##
#.#.#...#
#.##5##.##
#.###.#..# #.#
##.### #.# ##.#
########.# ##
.........########
#.#.###5.@h.%....
#.55##.....
......# ..#
......... .
#..##..... #..
#...### .. .....
.^...#


You could see Natasha, a crimson imp, a friendly iron imp and a friendly white
imp.

Vanquished Creatures
  Natasha (D:2)
  3 dart slugs (D:1)
  A leopard gecko (D:1)
  A giant cockroach (D:1)
  A hobgoblin (D:1)
  2 bats (D:1)
  2 frilled lizards (D:1)
  A rat (D:1)
12 creatures vanquished.

Vanquished Creatures (collateral kills)
  A black bear (D:2)
  A hobgoblin (D:2)
2 creatures vanquished.

Grand Total: 14 creatures vanquished

Notes
Turn   | Place    | Note
-------+----------+-------------------------------------------
     0 | D:1      | Krouwed the Demonspawn Gladiator began the quest for the
                  | Orb.
     0 | D:1      | Reached XP level 1. HP: 16/16 MP: 1/1
    69 | D:1      | Gained mutation: A weak demonic guardian rushes to your
                  | aid. [demonic ancestry]
    69 | D:1      | Reached XP level 2. HP: 23/23 MP: 2/2
   365 | D:1      | You fall into a shaft and drop 1 floor!
   366 | D:2      | Noticed Natasha
   368 | D:2      | Killed Natasha
   368 | D:2      | Reached XP level 3. HP: 29/29 MP: 3/3
   375 | D:2      | Noticed a black bear
   415 | D:2      | Noticed Natasha
   416 | D:2      | Killed a black bear
   416 | D:2      | Reached XP level 4. HP: 29/35 MP: 4/4
   421 | D:2      | HP: 1/35 [crimson imp[Natasha] (1)]
   422 | D:2      | Slain by Natasha

Levels and vault maps discovered:
D:1:      minmay_arrival_glassed_features, layout_basic
D:2:      wad_crossroads, layout_basic, uniq_natasha, uniq_jessica

Skill      XL: |  1  2 |
---------------+-------+-----
Axes           | 3 |  3.8
Fighting       | 3 |  3.5
Throwing       | |  1.7
Dodging        | |  2.6

Action                   |  1- 3 |  4- 6 || total
-------------------------+-------+-------++-------
Melee: War axe           |    27 |     4 ||    31
Armor: Leather armour    |     7 |       ||     7
       Scale mail        |    10 |     3 ||    13
Dodge: Dodged            |    21 |       ||    21

Table legend:
 A = Non-vault XP
 B = Vault XP
 C = Vault XP percentage of total XP
 D = Non-vault monster count
 E = Vault monster count
 F = Vault count percentage of total count
                 A         B        C        D         E       F
            +---------+---------+-------+---------+---------+-------
      Total |      24 |      98 |  80.3 |      11 |       3 |  21.4
            +---------+---------+-------+---------+---------+-------
        D:1 |      24 |       0 |   0.0 |      11 |       0 |   0.0
        D:2 |       0 |      98 | 100.0 |       0 |       3 | 100.0
            +---------+---------+-------+---------+---------+-------
